Map: Sequencer LE

Players

Denver

  • Race: Zerg Zerg
  • Spawn Location: 1:00

Cloudy - Winner!

  • Race: Protoss Protoss
  • Spawn Location: 7:00

Event: WCS Valencia 2017

VOD

Have the link to the VOD?

Description

Time

  • Played on: July 13, 2017, 9:36 a.m.
  • Length: 18:13

All games in this series

Show
View Real Time Build Order
Export as new Build Order

Denver Zerg 

Build Orders: Hatch First 

Get SALT Encoding   

  12  0:00  Drone  
  13  0:12  Overlord  
  13  0:17  Drone  
  14  0:31  Drone x2  
  16  0:36  Drone  
  17  0:52  Hatchery  
  17  0:56  Drone  
  17  0:58  Extractor  
  17  1:02  Drone  
  17  1:16  Spawning Pool  
  16  1:19  Drone  
  16  1:23  Drone  
  18  1:29  Drone  
  19  1:39  Overlord  
  19  1:52  Drone  
  20  2:02  Queen, Metabolic Boost  
  20  2:07  Queen  
  24  2:11  Zergling x2  
  24  2:13  Zergling x2  
  26  2:17  Drone  
  26  2:21  Drone  
  28  2:23  Drone  
  28  2:27  Drone  
  30  2:32  Drone  
  31  2:45  Hatchery  
  31  2:48  Zergling x2  
  31  2:49  Zergling x2  
  33  2:51  Zergling x2  
  33  2:59  Baneling Nest  
  33  3:01  Zergling x4  
  34  3:07  Overlord  
  34  3:15  Zergling x4  
  34  3:18  Overlord  
  36  3:29  Zergling x8  
  36  3:30  Zergling x2  
  40  3:37  Drone  
  40  3:38  Drone  
  42  3:42  Baneling x2  
  42  3:43  Baneling x3  
  42  3:47  Drone x2  
  44  3:51  Zergling x4  
  47  3:55  Zergling x2  
  47  4:02  Zergling x6  
  49  4:05  Zergling x2  
  49  4:06  Zergling x2  
  47  4:10  Drone  
  47  4:13  Drone  
  49  4:19  Drone x3  
  49  4:22  Drone  
  49  4:23  Drone  
  52  4:26  Overlord  
  52  4:31  Drone  
  52  4:34  Drone x3  
  55  4:40  Overlord  
  55  4:44  Queen  
  57  4:47  Drone x2  
  57  4:48  Drone  
  57  4:52  Spore Crawler  
  58  4:54  Drone x2  
  58  4:58  Drone x2  
  61  5:03  Spore Crawler  
  58  5:07  Drone x3  
  58  5:12  Spore Crawler  
  58  5:13  Drone  
  58  5:14  Drone  
  61  5:16  Drone  
  61  5:17  Drone  
  63  5:22  Lair  
  63  5:24  Drone  
  63  5:25  Drone  
  63  5:27  Drone x2  
  67  5:31  Overlord  
  67  5:34  Drone x3  
  69  5:40  Extractor  
  69  5:41  Extractor, Drone x4  
  69  5:42  Extractor  
  65  5:46  Overlord  
  65  5:47  Drone x2  
  67  5:50  Overlord  
  67  5:54  Drone x3  
  67  5:56  Overlord  
  70  6:00  Overlord  
  63  6:20  Centrifical Hooks, Hydralisk Den  
  63  6:24  Drone x2  
  63  6:25  Overseer, Drone x7  
  71  6:29  Drone x3  
  71  6:31  Hatchery  
  73  6:33  Overlord  
  73  6:34  Overlord  
  73  6:41  Overlord  
  73  6:42  Evolution Chamber  
  73  6:44  Drone x4  
  76  6:47  Extractor  
  76  6:50  Overlord  
  74  6:54  Muscular Augments  
  74  6:59  Hydralisk x2  
  74  7:00  Hydralisk x2  
  81  7:04  Hydralisk  
  81  7:07  Overseer  
  83  7:12  Drone  
  83  7:14  Zerg Missile Weapons Level 1  
  82  7:17  Zergling x16  
  82  7:21  Hydralisk  
  92  7:25  Hydralisk x2  
  96  7:33  Zergling x14  
  96  7:36  Baneling x6  
  103  7:37  Zergling x4  
  103  7:43  Baneling x3  
  105  7:44  Queen  
  105  7:48  Zergling x8  
  105  7:49  Zergling x2  
  105  7:50  Zergling x2  
  105  7:51  Zergling x2  
  114  7:57  Hydralisk x3  
  116  8:06  Zergling x2  
  116  8:07  Zergling x10  
  116  8:10  Baneling x7  
  118  8:14  Zergling x10  
  118  8:17  Overlord  
  118  8:18  Hydralisk  
  118  8:23  Zergling x6  
  117  8:28  Evolution Chamber  
  117  8:32  Hydralisk  
  115  8:35  Zergling x4  
  115  8:40  Hydralisk  
  119  8:46  Hatchery  
  119  8:48  Baneling x9  
  118  8:49  Baneling x2, Zergling x6  
  118  8:50  Overlord  
  118  8:53  Overlord  
  121  8:56  Overlord  
  121  9:00  Zerg Melee Weapons Level 1, Overlord  
  111  9:11  Zergling x2  
  105  9:17  Zergling x18  
  105  9:18  Zergling x12  
  108  9:26  Hydralisk x2, Baneling x6  
  112  9:36  Hydralisk x3  
  108  9:42  Hydralisk x3  
  110  9:46  Hydralisk x2  
  110  9:47  Hydralisk  
  116  9:53  Drone x4  
  119  10:05  Hydralisk x4  
  127  10:14  Drone  
  127  10:15  Drone x6  
  127  10:19  Hydralisk  
  127  10:20  Hydralisk  
  136  10:25  Baneling  
  136  10:26  Baneling x12  
  136  10:28  Zergling x4  
  137  10:29  Zergling x2  
  137  10:32  Extractor  
  137  10:34  Hydralisk x2  
  142  10:38  Baneling x4  
  137  10:43  Zergling x2  
  137  10:44  Zergling x12  
  138  10:55  Hydralisk  
  138  10:56  Hydralisk x4, Zergling x2  
  140  10:57  Zergling x2  
  140  11:02  Extractor  
  140  11:07  Zerg Melee Weapons Level 2  
  140  11:10  Drone  
  140  11:11  Drone x4  
  144  11:15  Zergling x4  
  144  11:16  Zergling x4  
  144  11:18  Hatchery  
  147  11:22  Zerg Missile Weapons Level 2  
  147  11:30  Zergling x8  
  147  11:32  Overlord x2  
  147  11:37  Overlord  
  143  11:40  Spire  
  143  11:42  Infestation Pit  
  141  11:47  Zergling x2  
  141  11:48  Zergling x16  
  141  11:49  Overlord  
  141  11:53  Baneling  
  141  11:54  Baneling x11  
  150  12:01  Baneling x10  
  148  12:02  Baneling  
  148  12:04  Hydralisk  
  140  12:09  Zergling x2  
  140  12:10  Zergling x12  
  147  12:24  Zergling x2  
  147  12:25  Zergling x20  
  158  12:33  Extractor  
  158  12:36  Extractor  
  148  12:54  Mutalisk  
  148  12:55  Mutalisk x8  
  160  13:03  Zergling x22  
  160  13:04  Zergling x6  
  171  13:12  Mutalisk x3  
  176  13:29  Mutalisk x4  
  176  13:30  Mutalisk  
  180  13:38  Spore Crawler  
  180  13:41  Zerg Flyer Weapons Level 1  
  179  13:42  Zergling x2  
  179  13:43  Zergling x18  
  179  13:45  Overlord  
  187  13:55  Overlord  
  184  14:07  Hive  
  184  14:09  Mutalisk x6  
  186  14:13  Baneling x6  
  167  14:37  Hydralisk x9  
  163  14:56  Hydralisk x2  
  163  14:57  Hydralisk x5  
  163  14:59  Overseer  
  165  15:07  Hydralisk x3  
  165  15:14  Zergling x10  
  172  15:23  Zergling x2  
  172  15:24  Zergling x8  
  172  15:25  Baneling  
  172  15:26  Baneling x5  
  169  15:36  Zergling x8  
  169  15:37  Zergling x6  
  170  15:45  Zergling x2  
  170  15:46  Zergling x12  
  171  15:51  Greater Spire  
  168  16:02  Baneling x8  
  163  16:10  Zergling x2  
  162  16:11  Zergling x26  
  152  16:41  Zergling x2  
  152  16:42  Hydralisk x3, Zergling x24  
  159  16:48  Viper x3  
  168  16:55  Zergling x8  
  170  17:04  Baneling x5  
  170  17:05  Baneling x6, Overlord  
  170  17:07  Overlord  
  145  17:16  Zergling x2  
  145  17:17  Zergling x12  
  128  17:30  Hydralisk x4  
  130  17:43  Zergling x2  
  130  17:44  Zergling x16  
Show
View Real Time Build Order
Export as new Build Order

Cloudy Protoss - Winner!

Build Orders: 1 Gate Expand, Oracle Opening 

Get SALT Encoding   

  12  0:02  Probe (Chrono Boost)  
  13  0:12  Probe (Chrono Boost)  
  14  0:19  Pylon  
  14  0:23  Probe (Chrono Boost)  
  15  0:38  Probe (Chrono Boost)  
  16  0:44  Gateway  
  16  0:47  Assimilator  
  16  0:51  Probe (Chrono Boost)  
  17  1:02  Probe (Chrono Boost)  
  18  1:22  Nexus  
  18  1:31  Cybernetics Core  
  18  1:34  Probe (Chrono Boost)  
  19  1:42  Assimilator  
  19  1:45  Probe (Chrono Boost)  
  20  1:57  Pylon  
  20  1:58  Probe (Chrono Boost)  
  21  2:08  Probe (Chrono Boost)  
  22  2:14  Warp Gate  
  22  2:15  Adept (Chrono Boost)  
  24  2:20  Probe  
  25  2:32  Probe  
  25  2:34  Probe  
  27  2:39  Stalker (Chrono Boost)  
  29  2:44  Probe  
  29  2:45  Probe  
  29  2:49  Stargate  
  31  2:56  Probe (Chrono Boost)  
  31  2:58  Probe (Chrono Boost)  
  33  3:08  Probe (Chrono Boost)  
  33  3:09  Probe (Chrono Boost)  
  35  3:18  Probe (Chrono Boost)  
  37  3:20  Probe (Chrono Boost)  
  37  3:24  Sentry (Chrono Boost)  
  39  3:30  Oracle (Chrono Boost)  
  40  3:36  Pylon  
  40  3:38  Probe, Gateway  
  40  3:41  Gateway  
  42  3:44  Mothership Core  
  42  3:45  Pylon  
  43  3:50  Probe  
  43  3:53  Adept (Chrono Boost)  
  46  4:03  Probe  
  46  4:05  Probe  
  46  4:07  Pylon  
  46  4:10  Oracle  
  46  4:15  Probe  
  50  4:17  Probe  
  50  4:21  Assimilator  
  50  4:23  Assimilator  
  51  4:28  Probe  
  51  4:29  Probe  
  53  4:34  Pylon  
  53  4:36  Sentry  
  55  4:40  Probe  
  55  4:41  Forge, Probe  
  55  4:43  Pylon  
  57  4:48  Adept x2  
  57  4:52  Probe  
  62  4:53  Probe  
  63  5:04  Probe  
  63  5:06  Nexus  
  64  5:08  Probe  
  64  5:11  Phoenix (Chrono Boost)  
  67  5:16  Probe  
  67  5:18  Pylon  
  67  5:19  Probe  
  67  5:21  Protoss Ground Weapons Level 1 (Chrono Boost), Assimilator  
  69  5:28  Probe, Twilight Council  
  70  5:31  Probe  
  71  5:40  Probe  
  72  5:43  Probe  
  73  5:52  Robotics Facility  
  73  5:53  Probe (Chrono Boost)  
  73  5:54  Gateway  
  73  5:55  Gateway  
  73  5:56  Probe (Chrono Boost)  
  75  6:06  Probe (Chrono Boost)  
  75  6:07  Probe (Chrono Boost)  
  75  6:08  Resonating Glaives (Chrono Boost)  
  77  6:17  Probe x2 (Chrono Boost)  
  76  6:23  Probe  
  77  6:26  Gateway  
  77  6:27  Gateway  
  77  6:28  Probe  
  77  6:29  Probe, Sentry x2, Gateway  
  77  6:30  Sentry  
  85  6:39  Pylon  
  85  6:40  Pylon  
  85  6:41  Warp Prism (Chrono Boost)  
  85  6:45  Pylon, Templar Archives  
  87  6:59  Adept x5  
  97  7:19  Psionic Storm  
  97  7:29  Protoss Ground Weapons Level 2 (Chrono Boost)  
  97  7:36  Charge, Adept x3  
  97  7:37  Adept x2  
  107  7:38  Adept x3  
  113  7:50  Immortal  
  117  7:52  Pylon  
  117  7:54  Pylon  
  117  7:55  Pylon  
  117  7:57  Pylon  
  117  8:09  High Templar  
  109  8:22  High Templar x3  
  103  8:33  Zealot x4  
  103  8:34  Immortal (Chrono Boost)  
  103  8:37  Nexus  
  103  8:38  Pylon  
  103  8:40  Pylon  
  103  8:50  Pylon, Adept  
  103  8:52  Gateway  
  103  8:54  Gateway  
  101  8:57  Zealot x7  
  107  9:11  Immortal  
  107  9:13  Zealot  
  107  9:15  Archon  
  89  9:18  Pylon  
  89  9:24  Zealot x5  
  93  9:25  Archon  
  93  9:26  Pylon  
  93  9:27  Pylon  
  93  9:29  Photon Cannon, Cybernetics Core  
  94  9:46  High Templar x3  
  94  9:47  High Templar x2  
  94  9:50  Protoss Ground Weapons Level 3 (Chrono Boost)  
  94  9:51  Zealot x2, Warp Prism  
  108  9:53  Pylon  
  112  10:07  Mothership Core (Chrono Boost)  
  112  10:12  Probe (Chrono Boost)  
  112  10:13  Probe x2 (Chrono Boost)  
  112  10:14  Zealot x2  
  119  10:22  Immortal  
  119  10:25  Probe (Chrono Boost)  
  119  10:26  Gateway  
  119  10:28  Pylon, High Templar x2  
  124  10:29  Zealot x3  
  134  10:37  Pylon, Archon  
  122  10:48  Zealot x4  
  126  10:57  Zealot x3  
  120  10:59  Warp Prism  
  128  11:04  Robotics Facility  
  128  11:07  High Templar x2  
  128  11:09  Photon Cannon  
  130  11:13  Photon Cannon  
  126  11:19  Zealot x6  
  134  11:34  Zealot  
  134  11:38  Zealot  
  134  11:39  Zealot x8  
  154  11:45  Assimilator  
  154  11:48  Probe (Chrono Boost), Assimilator  
  154  11:49  Probe (Chrono Boost)  
  154  11:50  Probe x2 (Chrono Boost)  
  156  11:59  Zealot x2  
  158  12:10  Fleet Beacon  
  158  12:12  Protoss Air Weapons Level 1  
  158  12:16  Stargate  
  156  12:24  Stargate  
  156  12:25  Protoss Shields Level 1  
  156  12:26  Immortal (Chrono Boost)  
  156  12:27  Immortal (Chrono Boost)  
  162  12:43  Zealot x7  
  144  13:11  Probe, Photon Cannon  
  144  13:12  Probe x3, Photon Cannon  
  154  13:14  Photon Cannon  
  154  13:20  Zealot x4  
  154  13:21  Phoenix (Chrono Boost)  
  154  13:23  Phoenix (Chrono Boost)  
  154  13:24  Probe  
  159  13:29  Photon Cannon  
  153  13:37  Anion Pulse-Crystals (Chrono Boost)  
  153  13:39  Photon Cannon  
  151  13:41  Pylon  
  151  13:43  Phoenix (Chrono Boost)  
  153  13:52  Phoenix (Chrono Boost)  
  147  14:00  Phoenix (Chrono Boost)  
  148  14:06  Phoenix (Chrono Boost)  
  148  14:17  Phoenix (Chrono Boost)  
  139  14:25  Phoenix (Chrono Boost)  
  139  14:27  Phoenix (Chrono Boost)  
  137  14:37  Probe x3  
  129  14:39  Phoenix (Chrono Boost)  
  129  14:47  Phoenix (Chrono Boost)  
  129  14:48  Mothership Core  
  129  14:49  Phoenix (Chrono Boost)  
  133  14:58  Zealot x5  
  129  15:03  Probe x2  
  129  15:15  High Templar x4  
  129  15:16  High Templar  
  133  15:21  High Templar  
  133  15:22  Archon x2  
  129  15:36  Archon  
  129  15:37  High Templar x4  
  132  15:46  Archon x2  
  132  15:47  Probe x2  
  132  15:48  Probe  
  131  15:58  Zealot x4  
  133  16:13  Zealot x2, High Templar x2  
  133  16:14  Zealot  
  143  16:21  Archon  
  135  16:36  Nexus  
  113  16:54  Zealot x6  
  125  16:57  High Templar x2  
  129  17:22  Probe x2  
  122  17:46  Zealot x4  
  128  18:07  Archon  
Tags
 
Add a new tag
Caveats
  • Supply blocks, unpowered buildings, or Contaminate may cause inaccurate times.
  • Supply counts are checked every 10 seconds.